 Dungeon Crawl Stone Soup version 0.16.2-12-gd0ad4c3 (webtiles) character file.

6939 suicidejoker the Ducker (level 10, -3/76 HPs)
             Began as a Demonspawn Assassin on Sept 22, 2015.
             Was an Elder of Cheibriados.
             Slain by an unseen horror (5 damage)
             ... on level 9 of the Dungeon.
             The game lasted 00:45:13 (11441 turns).

suicidejoker the Ducker (Demonspawn Assassin)      Turns: 11441, Time: 00:45:13

Health: -3/76      AC: 12    Str: 22    XL:     10   Next: 80%
Magic:  0/9        EV: 15    Int: 20    God:    Cheibriados [****..]
Gold:   493        SH: 17    Dex: 27    Spells: 0 memorised, 9 levels left

rFire  . . .     SeeInvis .     D - +3 war axe
rCold  + . .     Clarity  .     A - +0 ring mail {MR+}
rNeg   + . .     SustAb   .     B - +0 large shield
rPois  .         Gourm    .     (helmet unavailable)
rElec  .         Spirit   +     d - +1 cloak
rCorr  .         Warding  +     y - +2 pair of gloves
rMut   .         Stasis   .     (no boots)
MR     +....                    u - amulet of warding
Stlth  +++++.....               (no ring)
                                i - ring of stealth

@: very slightly contaminated, very slow, somewhat resistant to hostile
enchantments, quite stealthy
A: horns 3, rugged brown scales 1, agile 1, cold resistance 1, dopey 1, low mp
1, sense surroundings 1, spiny 2, evolution 1, magic shield
a: Bend Time, Temporal Distortion, Slouch, Renounce Religion


You were on level 9 of the Dungeon.
You worshipped Cheibriados.
Cheibriados was greatly pleased with you.
You were not hungry.

You visited 2 branches of the dungeon, and saw 10 of its levels.

You collected 493 gold pieces.

Inventory:

Hand weapons
 a - a +0 blowgun
 c - a +0 dagger of venom
 D - a +3 war axe (weapon)
 G - a +2 dagger of flaming
 H - a +2 short sword of protection
Missiles
 e - 27 poisoned needles
 f - 5 curare-tipped needles
Armour
 d - a +1 cloak (worn)
 j - a +0 leather armour of cold resistance
 y - a +2 pair of gloves (worn)
 A - a +0 ring mail of magic resistance (worn)
 B - a +0 large shield (worn)
Magical staves
 F - an uncursed staff of conjuration {unknown}
Jewellery
 i - a ring of stealth (left hand)
 u - an amulet of warding (around neck)
Magical devices
 p - a wand of invisibility (6)
 v - a wand of digging (10)
Scrolls
 k - 3 scrolls of magic mapping
 K - a scroll of remove curse
Potions
 n - a potion of cancellation
Books
 s - the Grimoire of Decompression
   (You found it on level 6 of the Dungeon)

   Spells                             Type                      Level
   a - Shroud of Golubria             Charms/Translocation         2
   b - Regeneration                   Charms/Necromancy            3
   c - Flight                         Charms/Air                   3
   d - Excruciating Wounds            Charms/Necromancy            5
   e - Ring of Flames                 Charms/Fire                  7
Comestibles
 b - 5 chunks of flesh
 g - 7 bread rations
 h - a beef jerky
 m - 7 royal jellies
 q - a slice of pizza
 t - a meat ration


   Skills:
 + Level 5.4 Fighting
 + Level 3.4 Short Blades
 * Level 5.1 Axes
 + Level 3.1 Throwing
 + Level 5.5 Armour
 + Level 7.2 Dodging
 + Level 6.9 Stealth
 + Level 7.2 Shields
 + Level 1.0 Invocations


You had 9 spell levels left.
You didn't know any spells.

Dungeon Overview and Level Annotations

Branches:
Dungeon (9/15)             Temple (1/1) D:7             Orc (0/4) D:9
   Lair: D:8-11

Altars:
Ashenzari
Cheibriados
Dithmenos
Elyvilon
Fedhas
Gozag
Kikubaaqudgha
Makhleb
Nemelex Xobeh
Okawaru
Qazlal
Ru
Sif Muna
Trog
Vehumet
Xom
Yredelemnul
Zin
The Shining One
Beogh


Innate Abilities, Weirdness & Mutations

You have a pair of large horns on your head.
You are partially covered in rugged brown scales (AC +1, +3% HP).
You are mostly covered in sharp spines.
When hurt, damage is shared between your health and your magic reserves.
You are agile. (Dex +2)
Your flesh is cold resistant.
You are dopey. (Int -2)
Your magical capacity is low (-10% MP).
You passively map a small area around you.
You evolve.


Message History

Okay, then.
Something hits you but does no damage. Something hits you.
* * * LOW HITPOINT WARNING * * *
Things that are here:
a rapier; a leather armour; the human corpse of Eustachio Something closely misses you.
Something hits you but does no damage.
Items here: )) [ † a mace of venom; a ring mail; a club; an orc corpse You hear a splashing noise.
A jelly comes into view.
Something hits you but does no damage.
Things that are here:
a dagger; a robe; an orc corpse You feel a little less agile now.
Something hits you.
* * * LOW HITPOINT WARNING * * *
Something hits you.
You die...

... ......... ...........
, * ............. , ,
................
.................... , , ,
.....................
......................
..............@.........
..............≈..........
,
).............≈≈))........
...............).)........
,
..............).)†...#...
................[)..## ..
,, ....................P#
......†.........P........
,
........................,


You could see 2 active ballistomycetes.

Vanquished Creatures
  A cyclops (D:8)
  The ghost of hummusdude the Shooter, an experienced HEHu of Vehumet (D:7)
  A queen bee (D:8)
  Prince Ribbit (D:8)
  2 hippogriffs
  Eustachio (D:9)
  A hungry ghost (D:8)
  3 phantoms
  4 ogres
  2 orc warriors (D:6)
  2 sky beasts
  A black bear (D:7)
  3 ice beasts
  2 big kobolds (D:8)
  A giant frog (D:7)
  4 scorpions
  22 killer bees
  11 wights
  2 goliath beetles
  4 crimson imps
  A giant frog zombie (D:8)
  11 hounds
  3 jellies
  10 orc priests
  A centaur skeleton (D:7)
  A giant frog skeleton (D:4)
  7 orc wizards
  Natasha (twice) (D:6)
  An iguana (D:6)
  9 worker ants
  A killer bee zombie (D:7)
  Ijyb (D:3)
  A mummy (D:8)
  Robin (D:2)
  12 gnolls
  15 adders
  3 shadow imps
  3 giant mites
  3 worms
  4 giant geckos
  40 orcs
  13 bats
  A bat skeleton (D:7)
  3 giant cockroaches
  12 goblins
  8 hobgoblins
  7 quokkas
  2 ball pythons
  A ball python skeleton (D:4)
  11 giant newts
  10 jackals
  29 kobolds
  A quokka zombie (D:9)
  10 rats
  A ballistomycete (D:9)
308 creatures vanquished.

Vanquished Creatures (others)
  An orc priest (D:9)
  3 orcs (D:9)
  A giant spore (D:9)
5 creatures vanquished.

Grand Total: 313 creatures vanquished

Notes
Turn   | Place    | Note
--------------------------------------------------------------
     0 | D:1      | suicidejoker, the Demonspawn Assassin, began the quest for the Orb.
     0 | D:1      | Reached XP level 1. HP: 16/16 MP: 1/1
   318 | D:1      | Reached skill level 4 in Stealth
   318 | D:1      | Gained mutation: When hurt, damage is shared between your health and your magic reserves. [demonic ancestry]
   318 | D:1      | Reached XP level 2. HP: 11/22 MP: 2/2
   619 | D:1      | Reached skill level 1 in Dodging
   949 | D:2      | Found a radiant altar of Vehumet.
  1098 | D:2      | Noticed Robin
  1099 | D:2      | Gained mutation: You have a pair of small horns on your head. [demonic ancestry]
  1099 | D:2      | Reached XP level 3. HP: 28/28 MP: 3/3
  1111 | D:2      | Killed Robin
  1667 | D:2      | Gained mutation: You have a pair of horns on your head. [demonic ancestry]
  1667 | D:2      | Reached XP level 4. HP: 20/34 MP: 2/4
  2832 | D:3      | Noticed Ijyb
  2846 | D:3      | Killed Ijyb
  2846 | D:3      | Gained mutation: You are partially covered in rugged brown scales (AC +1, +3% HP). [demonic ancestry]
  2846 | D:3      | Reached XP level 5. HP: 31/41 MP: 5/5
  2852 | D:3      | Found a shimmering altar of Xom.
  3685 | D:4      | Reached skill level 5 in Stealth
  3716 | D:4      | Found a sparkling altar of Nemelex Xobeh.
  3729 | D:4      | Reached XP level 6. HP: 29/48 MP: 3/6
  3875 | D:4      | Noticed a phantom
  3914 | D:4      | Killed a phantom
  4230 | D:4      | Reached skill level 1 in Armour
  4399 | D:4      | Reached skill level 1 in Shields
  4399 | D:4      | Gained mutation: You are partially covered in sharp spines. [demonic ancestry]
  4399 | D:4      | Reached XP level 7. HP: 40/53 MP: 4/7
  5379 | D:5      | Entered Level 5 of the Dungeon
  5719 | D:5      | Gained mutation: You evolve. [potion of beneficial mutation]
  6014 | D:5      | Found a stormy altar of Qazlal.
  6202 | D:5      | Reached XP level 8. HP: 37/60 MP: 5/8
  6522 | D:5      | Reached skill level 6 in Stealth
  6894 | D:6      | Noticed Natasha
  6922 | D:6      | Killed Natasha
  6956 | D:6      | Gained mutation: You have a pair of large horns on your head. [evolution]
  7020 | D:6      | Gained mutation: You passively map a small area around you. [mutagenic meat]
  7021 | D:6      | Gained mutation: Your magical capacity is low (-10% MP). [mutagenic meat]
  7022 | D:6      | Gained mutation: Your flesh is cold resistant. [mutagenic meat]
  7041 | D:6      | Identified the Grimoire of Decompression (You found it on level 6 of the Dungeon)
  7445 | D:6      | Reached skill level 5 in Dodging
  7624 | D:6      | Noticed Natasha
  7630 | D:6      | Killed Natasha
  7826 | D:7      | Reached XP level 9. HP: 66/66 MP: 8/8
  7926 | D:7      | Found a shadowy altar of Dithmenos.
  7980 | D:7      | Noticed hummusdude's ghost (experienced HEHu)
  7997 | D:7      | Found a staircase to the Ecumenical Temple.
  8005 | Temple   | Entered the Ecumenical Temple
  8268 | Temple   | Became a worshipper of Cheibriados the Contemplative
  8860 | Temple   | Reached skill level 1 in Axes
  9102 | D:7      | Killed hummusdude's ghost
  9102 | D:7      | Reached skill level 5 in Shields
  9306 | D:7      | Gained mutation: You are agile. (Dex +2) [evolution]
  9502 | D:7      | Found a shattered altar of Ashenzari.
  9502 | D:7      | Found an ancient bone altar of Kikubaaqudgha.
  9650 | D:8      | Acquired Cheibriados' first power
  9930 | D:8      | Noticed Prince Ribbit
 10001 | D:8      | Gained mutation: You are mostly covered in sharp spines. [demonic ancestry]
 10001 | D:8      | Reached XP level 10. HP: 64/75 MP: 9/9
 10029 | D:8      | Gained mutation: You are dopey. (Int -2) [potion of mutation]
 10114 | D:8      | Reached skill level 5 in Armour
 10667 | D:8      | Reached skill level 5 in Fighting
 10716 | D:8      | Acquired Cheibriados' second power
 10763 | D:8      | Killed Prince Ribbit
 10984 | D:8      | Noticed a cyclops
 11053 | D:8      | Killed a cyclops
 11053 | D:8      | Reached skill level 7 in Dodging
 11266 | D:9      | Found a staircase to the Orcish Mines.
 11300 | D:9      | Found a roughly hewn altar of Beogh.
 11317 | D:9      | Acquired Cheibriados' third power
 11387 | D:9      | Noticed Eustachio
 11413 | D:9      | Reached skill level 1 in Invocations
 11426 | D:9      | Killed Eustachio
 11426 | D:9      | Reached skill level 5 in Axes
 11433 | D:9      | HP: 2/76 [something (3)]
 11440 | D:9      | HP: 2/76 [something (1)]
 11441 | D:9      | Slain by an unseen horror

Action                   |  1- 3 |  4- 6 |  7- 9 | 10-12 || total
-------------------------+-------+-------+-------+-------++-------
Melee: Dagger            |   107 |   246 |   368 |    10 ||   731
       Unarmed           |       |       |    91 |       ||    91
       War axe           |       |       |   217 |   198 ||   415
 Fire: Blowgun           |       |    18 |    38 |       ||    56
Invok: Bend Time         |       |       |     2 |     1 ||     3
  Use: Scroll            |       |     5 |     5 |     4 ||    14
       Potion            |       |       |     4 |     8 ||    12
 Stab: Sleeping          |     9 |    10 |    20 |     4 ||    43
       Distracted        |       |       |     1 |     2 ||     3
  Eat: Chunk             |     2 |     9 |    17 |     4 ||    32
       Meat ration       |       |       |     1 |       ||     1
